 Dungeon Crawl Stone Soup version 0.28.0-53-g5a82cb258f (webtiles) character file.

Game seed: 9047114161687006082

2889 Zeld the Zephyrmancer (level 9, -1/37 (45) HPs)
             Began as a Tengu Air Elementalist on June 14, 2022.
             Was an Initiate of Gozag.
             Slain by Maggie
             ... wielding a +4 halberd of draining
              (13 damage)
             ... on level 7 of the Dungeon.
             The game lasted 00:07:48 (12084 turns).

Zeld the Zephyrmancer (Tengu Air Elementalist)     Turns: 12084, Time: 00:07:48

HP:   -1/37 (45)    AC:  7    Str: 10    XL:     9   Next: 77%
MP:   1/22          EV: 14    Int: 20    God:    Gozag
Gold: 431           SH:  0    Dex: 15    Spells: 15/25 levels left

rFire   . . .      SeeInvis +   a - +4 hand axe "Bumuets" {elec, rElec Str+2}
rCold   . . .      Faith    .   (no shield)
rNeg    . . .      Spirit   .   o - +0 robe
rPois   +          Reflect  .   (helmet restricted)
rElec   +          Harm     .   x - +2 cloak
rCorr   .          Rampage  .   v - +1 pair of gloves
Will    .....                   (boots unavailable)
Stlth   ++........              (no amulet)
HPRegen 0.12/turn               c - ring of see invisible
MPRegen 0.18/turn               g - ring of poison resistance

@: flying quickly and evasively, mesmerised, heavily drained, quick
A: beak, talons 3, nimble flight
a: Renounce Religion, Potion Petition, Call Merchant, Bribe Branch


You were on level 7 of the Dungeon.
You worshipped Gozag.
Gozag was aware of your devotion.
You visited 2 branches of the dungeon, and saw 8 of its levels.

You collected 663 gold pieces.
You paid 232 gold pieces to Gozag.

Inventory:

Hand Weapons
 a - the +4 hand axe "Bumuets" (weapon) {elec, rElec Str+2}
   (You found it on level 5 of the Dungeon)

   It occasionally discharges a powerful burst of electricity upon striking a
   foe.
   Str:       It affects your strength (+2).
   rElec:     It insulates you from electricity.
Missiles
 l - 72 bolts
 w - 10 poisoned darts
Armour
 o - a +0 robe (worn)
 v - a +1 pair of gloves (worn)
 x - a +2 cloak (worn)
Jewellery
 c - a ring of see invisible (left hand)
 g - a ring of poison resistance (right hand)
Wands
 u - a wand of paralysis (9)
Scrolls
 e - 2 scrolls of noise {unknown}
 f - 3 scrolls of teleportation {unknown}
 h - 4 scrolls of identify {unknown}
 i - 3 scrolls of fog {unknown}
 j - a scroll of brand weapon {unknown}
 m - 2 scrolls of vulnerability {unknown}
 n - a scroll of fear {unknown}
 p - a scroll of enchant armour {unknown}
 r - a scroll of acquirement {unknown}
 t - a scroll of amnesia {unknown}
Potions
 b - 2 potions of attraction {unknown}
 d - a potion of magic {unknown}
 k - a potion of curing
 q - a potion of degeneration {unknown}
 s - a potion of resistance {unknown}


   Skills:
 - Level 2.1 Dodging
 - Level 2.0 Stealth
 * Level 8.9 Spellcasting
 - Level 8.0 Conjurations
 - Level 10.0 Air Magic


You had 15 spell levels left.
You knew the following spells:

 Your Spells              Type           Power      Damage    Failure   Level
a - Shock                 Conj/Air       100%       1d9       1%          1
b - Static Discharge      Conj/Air       44%        N/A       1%          2
c - Swiftness             Air            48%        N/A       1%          3
d - Airstrike             Air            24%        N/A       1%          4

Your spell library contained the following spells:

 Spells                   Type           Power      Damage    Failure   Level
 Corpse Rot               Necr/Air       56%        N/A       1%          2
 Poisonous Vapours        Pois/Air       56%        N/A       1%          2
 Summon Small Mammal      Summ           32%        N/A       8%          1
 Ensorcelled Hibernation  Hex/Ice        16%        N/A       12%         2
 Passwall                 Tmut/Erth      6%         N/A       12%         2
 Call Canine Familiar     Summ           8%         N/A       24%         3
 Confusing Touch          Hex            8%         N/A       24%         3
 Summon Guardian Golem    Hex/Summ       8%         N/A       24%         3
 Yara's Violent Unravell  Hex/Tmut       4%         3d4       91%         5
 Enfeeble                 Hex            4%         N/A       100%        7


Dungeon Overview and Level Annotations

Branches:
Dungeon (7/15)             Temple (1/1) D:4

Altars:
Ashenzari
Cheibriados
Dithmenos
Elyvilon
Fedhas
Gozag
Hepliaklqana
Kikubaaqudgha
Makhleb
Nemelex Xobeh
Okawaru
Qazlal
Ru
Sif Muna
Trog
Uskayaw
Vehumet
Wu Jian
Xom
Yredelemnul
The Shining One

Annotations:
D:7 Maggie


Innate Abilities, Weirdness & Mutations

You have a beak for a mouth.
You have claws for feet.
Your magical nature lets you fly swiftly and evasively.


Message History

The air twists around and strikes Maggie!
Maggie is almost dead.
The wight hits you with a +3 hand axe! The wight hits you with a +0 dagger.
Maggie hits you from afar with a +4 halberd of draining!
* * * LOW HITPOINT WARNING * * *
You feel drained.
* * * LOW HITPOINT WARNING * * *
Unknown command.
Okay, then.
Okay, then.
Okay, then. [a] - 896 gold - invisibility, might, haste and resistance [b] - 192 gold - heal wounds and curing [c] - 832 gold - haste, brilliance, resistance and invisibility Purchase which effect?
You feel much better.
You feel better. The wight hits you with a +3 hand axe!
You feel drained. The wight hits you but does no damage.
Maggie hits you from afar with a +4 halberd of draining.
You feel drained.
The wight hits you with a +0 short sword!
* * * LOW HITPOINT WARNING * * *
Unknown command.
Unknown command.
Casting: Airstrike (dangerous; 1% risk of failure)
Confirm with . or Enter, or press ? or * to list all spells.
The wight is struck by an arc of lightning.
The wight is moderately damaged.
You resist.
You are struck by an arc of lightning.
* * * LOW HITPOINT WARNING * * *
The lightning grounds out.
The wight hits you but does no damage. x2
Maggie casts a spell.
Maggie draws you further into her thrall.
The wight misses you.
Unknown command.
Unknown command.
It was a potion of curing.
You feel better. The wight closely misses you. The wight barely misses you.
Maggie hits you from afar with a +4 halberd of draining!
You die...
Your body crumbles into a pile of gold.

#...#.. #...#..
...#.<
#############..#..
##..##.......#..#..
#....#.....#....#..
$
#....#.....+....#..
#....#.....#....'..
#.@..'.....#....#..
#zzz@#.....######..
##...##............
#.....#............
#.....#............
##'####............
... ......#####..
#..[. ......# #..
#..... . +..


You could see Maggie (mesmerising) and 3 wights.

Vanquished Creatures
  Pikel (D:4)
  A troll (D:5)
  Eustachio (D:4)
  A water moccasin (D:5)
  2 ice beasts (D:6)
  A necrophage (D:6)
  4 black bears
  3 ogres
  A centaur (D:6)
  A phantom (D:6)
  A lemure (D:4)
  A scorpion (D:4)
  A water moccasin zombie (D:6)
  A water moccasin skeleton (D:5)
  5 wights (D:6)
  A howler monkey (D:6)
  2 hounds
  A gnoll shaman (D:6)
  4 iguanas (D:5)
  An orc priest (D:3)
  A centaur skeleton (D:5)
  Jessica (D:2)
  An orc wizard (D:5)
  A scorpion zombie (D:5)
  6 adders
  4 gnolls
  A shadow imp (D:6)
  3 dart slugs
  9 orcs
  6 ball pythons
  5 bats
  2 endoplasms
  2 giant cockroaches (D:3)
  4 hobgoblins
  8 jackals
  3 quokkas (D:1)
  2 frilled lizards (D:1)
  5 goblins
  2 kobolds
  A quokka skeleton (D:4)
  8 rats
109 creatures vanquished.

Notes
Turn   | Place    | Note
-------+----------+-------------------------------------------
     0 | D:1      | Zeld the Tengu Air Elementalist began the quest for the
                  | Orb.
     0 | D:1      | Reached XP level 1. HP: 10/10 MP: 4/4
   268 | D:1      | Reached XP level 2. HP: 12/15 MP: 1/6
   284 | D:1      | Learned a level 2 spell: Static Discharge
   496 | D:1      | Found a faded altar of an unknown god.
   599 | D:1      | Reached XP level 3. HP: 19/19 MP: 0/7
   603 | D:1      | Learned a level 3 spell: Swiftness
  1202 | D:2      | Noticed Jessica
  1210 | D:2      | Killed Jessica
  1211 | D:2      | Reached skill level 5 in Air Magic
  1316 | D:2      | Reached XP level 4. HP: 22/24 MP: 6/9
  2690 | D:3      | Gained mutation: Your magical nature lets you fly swiftly
                  | and evasively. [Tengu growth]
  2690 | D:3      | Reached XP level 5. HP: 21/28 MP: 7/10
  2701 | D:3      | Learned a level 4 spell: Airstrike
  3359 | D:4      | Found a staircase to the Ecumenical Temple.
  3379 | D:4      | Noticed an ogre
  3394 | Temple   | Entered the Ecumenical Temple
  3461 | Temple   | Became a worshipper of Gozag Ym Sagoz the Greedy
  4466 | D:4      | Killed an ogre
  4467 | D:4      | Reached skill level 6 in Air Magic
  4482 | D:4      | Reached XP level 6. HP: 29/32 MP: 0/12
  4694 | D:4      | Noticed Eustachio
  4732 | D:4      | Killed Eustachio
  4982 | D:4      | Noticed Pikel
  5710 | D:4      | Killed Pikel
  5711 | D:4      | Reached skill level 5 in Spellcasting
  5711 | D:4      | Reached skill level 5 in Conjurations
  5711 | D:4      | Reached skill level 8 in Air Magic
  5711 | D:4      | Reached XP level 7. HP: 10/36 MP: 1/16
  5711 | D:4      | Reached XP level 8. HP: 11/41 MP: 1/17
  6082 | D:4      | Found a staircase to the Ecumenical Temple.
  6400 | D:5      | Entered Level 5 of the Dungeon
  6972 | D:5      | Reached skill level 9 in Air Magic
  6975 | D:5      | Identified the +4 hand axe "Bumuets" {elec, rElec Str+2}
  8126 | D:5      | Noticed a troll
  8467 | D:5      | Reached skill level 10 in Air Magic
  8992 | D:5      | Killed a troll
  8993 | D:5      | Reached XP level 9. HP: 45/45 MP: 3/20
 12073 | D:7      | Noticed Maggie
 12084 | D:7      | Slain by Maggie

Illustrated notes

Levels and vault maps discovered:
D:1:      dpeg_arrival_yet_another_circle, layout_loops_cross,
          hellmonk_ecumenical_altar_heavens_door, hangedman_decor_growths,
          st_stairs_2, minmay_pentomino_q2
D:2:      layout_loops_ring, serial_forest, infiniplex_forest_corner_1,
          infiniplex_forest_lined_2, infiniplex_forest_lined_3,
          infiniplex_forest_straight_4, infiniplex_forest_lined_room_,
          infiniplex_forest_lined_2, infiniplex_forest_end_3, uniq_jessica
D:3:      layout_loops_ring, minmay_close_crescents
D:4:      layout_loops_ring, minmay_temple_entry_statues_fountains, uniq_pikel,
          uniq_eustachio
D:5:      kennysheep_big_flooded_room, layout_cave_pods
D:6:      layout_layer_cave
D:7:      layout_gridville, kennysheep_generic_room_2, uniq_maggie, uniq_duvessa
Temple:   grunt_wide_crystal_templ

Skill      XL: |  1  2  3  4  5  6  7  8  9 |
---------------+----------------------------+-----
Conjurations   | 2 3 5 7 8 |  8.0
Air Magic      | 5 6 8 10 | 10.0
Spellcasting   | 3 5 7 8 |  8.9
Dodging        | |  2.1
Stealth        | |  2.0

Action                   |  1- 3 |  4- 6 |  7- 9 || total
-------------------------+-------+-------+-------++-------
Melee: Unarmed           |     4 |    64 |     1 ||    69
       Kick              |     1 |    18 |     5 ||    24
       Peck              |     1 |    16 |     3 ||    20
       Punch             |       |     1 |     1 ||     2
       Hand axe          |       |       |    17 ||    17
 Cast: Shock             |    34 |    13 |    10 ||    57
       Static Discharge  |     5 |    32 |     2 ||    39
       Airstrike         |       |    13 |    82 ||    95
       Swiftness         |       |     1 |     1 ||     2
Invok: Potion Petition   |       |       |     1 ||     1
  Use: Potion            |       |       |     1 ||     1
 Stab: Sleeping          |       |     2 |     1 ||     3
       Distracted        |       |     2 |     1 ||     3
Armor: Robe              |     9 |    13 |     9 ||    31
Dodge: Dodged            |    28 |    64 |    28 ||   120
